 Dungeon Crawl Stone Soup version 0.30.1-11-g7821555f0a (webtiles) character file.

Game seed: 18373710507968041596

290591 Chiseanne the Warrior (level 19, -9/169 HPs)
             Began as a Demonspawn Wanderer on Nov 6, 2023.
             Was an Initiate of Gozag.
             Killed from afar by a lich (43 damage)
             ... with a bolt of cold
             ... on level 3 of the Vaults on Nov 14, 2023.
             The game lasted 02:37:25 (39322 turns).

Chiseanne the Warrior (Demonspawn Wanderer)        Turns: 39322, Time: 02:37:26

Health: -9/169     AC: 45    Str: 23    XL:     19   Next: 94%
Magic:  19/19      EV: 22    Int: 12    God:    Gozag
Gold:   2287       SH: 35    Dex: 17    Spells: 18/18 levels left

rFire   . . .        a - +10 rapier of Squeaky Subterfuge {heavy, rCorr}
rCold   . . .        k - +10 tower shield of Ignorance {rN+ Int-4}
rNeg    + . .        c - +12 storm dragon scales of Gravity {rElec Str+6}
rPois   .            (helmet unavailable)
rElec   +            S - +2 cloak
rCorr   +            z - +2 pair of gloves of the Cicada {Fly Int+3 SInv}
SInv    +            n - +2 pair of boots {Stlth+}
Will    +....        m - amulet of reflection Stlth
                     R - +4 ring of slaying
HPRegen 0.48/turn    M - ring of Miracles {Fly rElec rCorr EV+5}
MPRegen 0.16/turn

%: reflection
@: about to teleport, flying, slowed, very slow
A: horns 3, ignite blood 2, powered by death 3, sharp scales 3
}: 2/15 runes: serpentine, barnacled
a: Renounce Religion, Potion Petition, Call Merchant, Bribe Branch


You were on level 3 of the Vaults.
You worshipped Gozag.
Gozag was most pleased with you.
You visited 7 branches of the dungeon, and saw 34 of its levels.
You visited 1 bazaar.
You also visited: Ossuary, Bailey, Gauntlet and Ice Cave.

You collected 16586 gold pieces.
You spent 8677 gold pieces at shops.
You paid 5622 gold pieces to Gozag.

Inventory:

Hand Weapons
 a - the +10 rapier of Squeaky Subterfuge (weapon) {heavy, rCorr}
   (You found it on level 3 of the Snake Pit)

   rCorr:     It protects you from acid and corrosion.
 s - a +9 vampiric rapier
 A - a +2 broad axe of flaming
Missiles
 b - 73 boomerangs
 i - 3 boomerangs of dispersal
 j - 10 silver javelins
 l - 5 throwing nets
 t - 41 poisoned darts (quivered)
 w - 4 curare-tipped darts
 U - 19 javelins
Armour
 c - the +12 storm dragon scales of Gravity (worn) {rElec Str+6}
   (You bought it in a shop on level 2 of the Orcish Mines)

   Str:       It affects your strength (+6).
   rElec:     It insulates you from electricity.
 d - a +3 ring mail of fire resistance
 k - the +10 tower shield of Ignorance (worn) {rN+ Int-4}
   (You found it on level 2 of the Orcish Mines)

   Int:       It affects your intelligence (-4).
   rN:        It protects you from negative energy.
 n - a +2 pair of boots of stealth (worn)
 z - the +2 pair of gloves of the Cicada (worn) {Fly Int+3 SInv}
   (You found it in a Gauntlet)

   Int:       It affects your intelligence (+3).
   SInv:      It lets you see invisible.
   Fly:       It grants you flight.
 J - a +4 troll leather armour
 S - a +2 cloak (worn)
Jewellery
 m - an amulet of reflection (around neck)
 r - an amulet of regeneration
 M - the ring of Miracles (right hand) {Fly rElec rCorr EV+5}
   (You took it off a centaur on level 12 of the Dungeon)

   [ring of evasion]

   EV:        It affects your evasion (+5).
   rElec:     It insulates you from electricity.
   Fly:       It grants you flight.
   rCorr:     It protects you from acid and corrosion.
 R - a +4 ring of slaying (left hand)
Wands
 g - a wand of flame (22)
 x - a wand of acid (16)
 G - a wand of digging (2)
 L - a wand of paralysis (28)
Scrolls
 e - 4 scrolls of silence
 f - 5 scrolls of fog
 o - a scroll of amnesia
 p - 3 scrolls of blinking
 v - 5 scrolls of teleportation
 Y - a scroll of fear
Potions
 h - 7 potions of curing
 u - 7 potions of flight
 B - 2 potions of cancellation
 I - 2 potions of heal wounds
 O - 3 potions of haste
 P - 5 potions of berserk rage
 V - a potion of resistance
 X - 3 potions of might
Miscellaneous
 q - a phantom mirror
 y - a lightning rod (4/4)
 Q - a box of beasts
 Z - a condenser vane


   Skills:
 * Level 20.2 Fighting
 - Level 3.6 Short Blades
 - Level 1.0 Throwing
 - Level 19.0 Armour
 * Level 18.5 Dodging
 - Level 1.0 Stealth
 * Level 16.2 Shields


You had 18 spell levels left.
You didn't know any spells.
Your spell library contained the following spells:

 Spells                   Type           Power      Damage    Failure   Level
 Apportation              Tloc           0%         N/A       95%         1
 Foxfire                  Conj/Fire      0%         2x1d4     95%         1
 Magic Dart               Conj           0%         1d3       95%         1
 Necrotise                Necr           0%         1d4       95%         1
 Sandblast                Erth           0%         2d4       95%         1
 Slow                     Hex            0%         N/A       95%         1
 Sting                    Tmut/Pois      0%         1d3       95%         1
 Summon Small Mammal      Summ           0%         N/A       95%         1
 Cigotuvi's Dreadful Rot  Necr/Pois/Air  0%         N/A       99%         2
 Ensorcelled Hibernation  Hex/Ice        0%         N/A       99%         2
 Passwall                 Tmut/Erth      0%         N/A       99%         2
 Poisonous Vapours        Pois/Air       0%         N/A       99%         2
 Searing Ray              Conj           0%         2d4       99%         2
 Static Discharge         Conj/Air       0%         2-2/arc   99%         2
 Confusing Touch          Hex            0%         N/A       100%        3
 Hailstorm                Conj/Ice       0%         3d3       100%        3
 Ignite Poison            Fire/Tmut/Pois 0%         N/A       100%        3
 Inner Flame              Hex/Fire       0%         N/A       100%        3
 Mephitic Cloud           Conj/Pois/Air  0%         N/A       100%        3
 Spider Form              Tmut/Pois      0%         N/A       100%        3
 Stone Arrow              Conj/Erth      0%         3d7       100%        3
 Vampiric Draining        Necr           0%         2d6       100%        3
 Airstrike                Air            0%         2d(0-16)  100%        4
 Anguish                  Hex/Necr       0%         N/A       100%        4
 Animate Armour           Summ/Erth      0%         N/A       100%        4
 Dispel Undead            Necr           0%         3d6       100%        4
 Flame Wave               Conj/Fire      0%         2d4       100%        4
 Fulminant Prism          Conj/Hex       0%         3d5       100%        4
 Ice Form                 Ice/Tmut       0%         N/A       100%        4
 Olgreb's Toxic Radiance  Pois           0%         N/A       100%        4
 Sticky Flame             Conj/Fire      0%         2d3       100%        4
 Summon Ice Beast         Ice/Summ       0%         N/A       100%        4
 Summon Lightning Spire   Summ/Air       0%         N/A       100%        4
 Agony                    Necr           0%         N/A       100%        5
 Alistair's Intoxication  Tmut/Pois      0%         N/A       100%        5
 Fireball                 Conj/Fire      0%         3d3       100%        5
 Summon Mana Viper        Hex/Summ       0%         N/A       100%        5
 Death Channel            Necr           0%         N/A       100%        6
 Plasma Beam              Fire/Air       0%         2x1d11    100%        6
 Starburst                Conj/Fire      0%         6d3       100%        6
 Monstrous Menagerie      Summ           0%         N/A       100%        7
 Lehudib's Crystal Spear  Conj/Erth      0%         10d2      100%        8
 Simulacrum               Ice/Necr       Unusable   N/A       N/A         6

Dungeon Overview and Level Annotations

Branches:
Dungeon (15/15)            Temple (1/1) D:5            Lair (5/5) D:11
 Shoals (4/4) Lair:2        Snake (4/4) Lair:2        Slime (0/5) Lair:4
    Orc (2/2) D:11            Elf (0/3) Orc:2        Vaults (3/5) D:14
  Crypt (0/3) Vaults:3     Depths (0/4) D:15        Ossuary (visited)
 Bailey (visited)           IceCv (visited)         Gauntlet (visited)

Altars:
Ashenzari
Cheibriados
Fedhas
Gozag
Kikubaaqudgha
Makhleb
Qazlal
Sif Muna
Trog
Uskayaw
Vehumet
Wu Jian
Xom
Yredelemnul

Shops:
D:2 [   D:4 (   D:13 (   D:15 (*==[[   Orc:1 *   Orc:2 [(:?*   Vaults:1 (

Portals:
Trove: D:10 (give 17 scrolls of teleportation)

Annotations:
D:14 exclusion: 2 downstairs
D:15 1 runed translucent door, 1 exclusion
Shoals:1 exclusion: downstairs
Shoals:2 exclusion: upstairs
Snake:4 destino's ghost, adept TrMo
Orc:1 3 runed translucent doors, tatocazan's ghost, journeyman MiFi
Orc:2 1 runed translucent door, exclusions: door and orange crystal statue


Innate Abilities, Weirdness & Mutations

You have a pair of large horns on your head.
Your demonic aura often causes spilled blood to erupt in flames.
You regenerate a lot of health from kills.
You are completely covered in razor-sharp scales. (AC +3, Slay +3)


Message History

You barely miss the tormentor. You headbutt the tormentor!
The tormentor is severely wounded.
The ironbound preserver is no longer distracted by gold.
The lich is no longer distracted by gold.
The tormentor calls on the powers of darkness!
The deep troll earth mage convulses!
The ogre mage convulses!
Your body is wracked with pain!
The necromancer convulses!
The ironbound preserver convulses!
The deep elf demonologist convulses!
The shadow demon gestures.
You block the tormentor's attack. The tormentor barely misses you.
The ironbound preserver mumbles some strange words.
The ironbound preserver is healed somewhat.
The deep elf demonologist gestures wildly while chanting.
The ironbound preserver gestures wildly while chanting.
The ironbound preserver is healed somewhat.
Okay, then.
Okay, then.
As you read the scroll of teleportation, it crumbles to dust.
You feel strangely unstable.
The tormentor calls on the powers of darkness!
The necromancer convulses!
The deep troll convulses!
The ironbound preserver convulses!
The deep troll earth mage convulses!
The deep elf demonologist convulses!
The ogre mage convulses!
The ironbound preserver convulses!
Your body is wracked with pain!
* * * LOW HITPOINT WARNING * * *
The lich gestures at you while chanting.
You struggle to resist.
The ironbound preserver gestures wildly while chanting.
The ironbound preserver begins to accept its allies' injuries.
The ironbound preserver casts a spell.
The ironbound preserver begins to accept its allies' injuries.
The lich casts a spell.
The lich seems to speed up.
The ironbound preserver casts a spell.
The ironbound preserver is healed somewhat.
The deep elf demonologist's soul is no longer bound.
The lich casts a spell at you. The bolt of cold hits you!!!
You die...
Your body crumbles into a pile of gold.

####..#.'.#.#..#............
...#..###'#(#..#...)........
#..#..#.'.).#..#....)######
##.#..#)#'#'#..#...).#
#.#..#.#.#.#..#....)#
##.'..###'###..).....# #####
#..#...........#...))#......
#.##...........#...).#......
..##############@....#......
...# ######.....#...... ..##
#.3OTL.....+....<. .##
#:.T.4p2#.....#...... .#
##.p##ep#.....#...... ##
#?..?#2O#.....####### #
##...T2##.....# ## #......
#.....# .## ##?#.#. #.....#


You could see an ironbound preserver (soul bound), a lich (fast, invisible), a
lorocyproca (summoned, invisible), a deep troll (summoned, sheltered), a shadow
demon (summoned, sheltered), a deep elf demonologist (sheltered) and a tormentor
(summoned, sheltered).

Vanquished Creatures
  Bai Suzhen (Vaults:3)
  Vashnia (Snake:2)
  Rupert (Orc:2)
  Mlioglotl (Snake:2)
  A lich (Vaults:3)
  2 sphinxes
  A shadow dragon (Vaults:3)
  5 nagarajas
  Donald (Snake:2)
  A frost giant (IceCv)
  5 vault wardens
  An orc warlord (Orc:2)
  Louise (D:14)
  The ghost of oldnick the Eclecticist, a journeyman OpHW of Vehumet (Lair:4)
  8 ironbound preservers
  4 ironbound thunderhulks
  A stone giant (Vaults:3)
  4 minotaurs
  10 dire elephants
  Snorg (D:14)
  2 ettins
  2 merfolk javelineers (Shoals:4)
  5 yaktaur captains
  3 merfolk impalers
  A crystal guardian (Vaults:3)
  An entropy weaver (Vaults:2)
  2 fire dragons (D:15)
  Josephine (Lair:4)
  A great orb of eyes (Vaults:2)
  6 hydras
  A peacekeeper (Vaults:3)
  2 ogre magi
  5 salamander tyrants (Snake:4)
  11 vault guards
  A merfolk aquamancer (Shoals:1)
  2 merfolk avatars (Shoals:4)
  3 ironbound frosthearts
  A two-headed ogre (D:11)
  4 catoblepae
  5 anacondas
  21 centaur warriors
  5 boulder beetles
  20 death yaks
  7 tengu warriors
  16 naga warriors
  10 satyrs (Shoals:4)
  Urug (D:13)
  5 orc high priests
  6 shock serpents
  17 naga sharpshooters
  3 skysharks
  5 skeletal warriors
  5 salamander mystics (Snake:4)
  6 sea snakes
  A glowing orange brain (D:15)
  26 deep trolls
  A phantasmal warrior (D:14)
  3 wizards
  3 naga ritualists
  7 lindwurms
  10 ironbound convokers
  2 orc knights
  A deep elf zephyrmancer (D:10)
  16 harpies
  An obsidian statue (Snake:2)
  3 mana vipers
  12 ugly things
  3 cyclopes
  A deep elf pyromancer (D:10)
  3 orc sorcerers
  24 fauns
  24 salamanders
  A salamander (shapeshifter) (D:8)
  A moth of wrath (Gauntlet)
  22 manticores
  A water nymph (shapeshifter) (D:12)
  2 guardian serpents (Snake:2)
  6 water nymphs
  5 merfolk sirens
  4 vault sentinels
  29 elephants
  18 naga magi
  2 gargoyles
  23 black mambas
  An ice statue (IceCv)
  2 kobold demonologists (D:10)
  An unseen horror (D:13)
  10 komodo dragons
  2 efreet
  10 cane toads
  10 rime drakes
  Psyche (D:8)
  A yaktaur (shapeshifter) (D:12)
  27 yaktaurs
  2 freezing wraiths
  3 tengu conjurers
  An ice devil (Gauntlet)
  4 red devils (D:14)
  14 trolls
  15 polar bears
  3 wind drakes
  A tarantella (shapeshifter) (D:12)
  3 hornets
  28 merfolk
  5 raiju (Lair:5)
  A snapping turtle (shapeshifter) (D:12)
  A wind drake (shapeshifter) (D:13)
  6 blink frogs
  11 dream sheep
  26 slime creatures
  2 vampires (D:12)
  6 snapping turtles
  2 water elementals (Shoals:3)
  2 shadows
  4 wyverns
  6 basilisks
  7 wraiths
  3 fire bats
  47 yaks
  10 vampire mosquitoes
  6 redbacks
  11 wargs
  3 acid dragons
  26 nagas
  10 hell hounds (Lair:5)
  11 water moccasins
  35 orc warriors
  12 black bears
  An ice beast (D:8)
  2 sky beasts
  8 ogres
  30 wolves
  20 centaurs
  A phantom (D:5)
  Blork the orc (D:6)
  3 kobold brigands
  14 bullfrogs
  2 scorpions
  10 wights
  6 electric eels
  5 howler monkeys
  A centaur zombie (Ossuary)
  4 jellies
  5 gnoll boudas
  5 hounds
  Crazy Yiuf (D:4)
  16 orc priests
  6 iguanas
  Ijyb (D:3)
  27 orc wizards
  A hell rat (Lair:5)
  4 ogre zombies (Ossuary)
  7 mummies (Ossuary)
  Robin (D:2)
  29 gnolls
  6 adders
  5 white imps
  An ufetubus (D:5)
  5 adder zombies (Ossuary)
  3 worms
  A dart slug (D:1)
  89 orcs
  8 bats
  2 endoplasms (D:1)
  A giant cockroach (D:4)
  17 hobgoblins
  5 jackals
  3 quokkas
  13 ball pythons
  5 frilled lizards
  A gnoll zombie (Ossuary)
  22 goblins
  2 goblin zombies (Ossuary)
  2 hobgoblin zombies (Ossuary)
  13 kobolds
  9 quokka zombies (Ossuary)
  7 rats
  6 rat zombies (Ossuary)
1321 creatures vanquished.

Vanquished Creatures (collateral kills)
  A centaur warrior (D:14)
  A death knight (D:14)
  A skeletal warrior (D:14)
  2 ugly things (D:14)
  A freezing wraith (D:14)
  A tengu conjurer (D:14)
  A wraith (D:14)
  3 centaurs (D:14)
11 creatures vanquished.

Vanquished Creatures (others)
  An ironbound preserver (Vaults:1)
  A salamander mystic (Snake:4)
  A deep troll (Vaults:1)
  A manticore (Shoals:4)
  A merfolk (Shoals:4)
  A naga (Snake:4)
  A wolf (Lair:5)
7 creatures vanquished.

Grand Total: 1339 creatures vanquished

Notes
Turn   | Place    | Note
-------+----------+-------------------------------------------
     0 | D:1      | Chiseanne the Demonspawn Wanderer began the quest for the
                  | Orb.
     0 | D:1      | Chiseanne set off with the following items: a +1 rapier, 10
                  | boomerangs, a +0 dagger, a scroll of fog, a +0 robe.
     0 | D:1      | Reached XP level 1. HP: 18/18 MP: 1/1
     3 | D:1      | Noticed an electric eel
     4 | D:1      | Noticed an electric eel
   129 | D:1      | Reached skill level 1 in Dodging
   129 | D:1      | Gained mutation: You regenerate a little health from kills.
                  | [demonic ancestry]
   129 | D:1      | Reached XP level 2. HP: 24/24 MP: 2/2
  1038 | D:2      | Gained mutation: You are partially covered in razor-sharp
                  | scales. (AC +1, Slay +1) [demonic ancestry]
  1038 | D:2      | Reached XP level 3. HP: 23/29 MP: 3/3
  1167 | D:2      | Found Wewaewoaps's Armour Shoppe.
  1595 | D:2      | Reached skill level 4 in Fighting
  1623 | D:2      | Noticed Robin
  1767 | D:2      | Gained mutation: You have a pair of small horns on your
                  | head. [demonic ancestry]
  1767 | D:2      | Reached XP level 4. HP: 37/37 MP: 4/4
  1858 | D:2      | Killed Robin
  2227 | D:3      | Identified the +5 war axe of the Big Fish {heavy, rC+
                  | Str+3}
  2463 | D:2      | Reached XP level 5. HP: 34/43 MP: 5/5
  2697 | D:3      | Noticed Ijyb
  2717 | D:3      | Killed Ijyb
  3142 | D:4      | Found an ancient bone altar of Kikubaaqudgha.
  3167 | D:4      | Reached skill level 5 in Fighting
  3317 | D:4      | Noticed a black bear
  3333 | D:4      | Killed a black bear
  3334 | D:4      | Gained mutation: You regenerate health from kills. [demonic
                  | ancestry]
  3334 | D:4      | Reached XP level 6. HP: 49/51 MP: 6/6
  3468 | D:4      | Found Ylaqak's Antique Weapon Shoppe.
  3639 | D:4      | Found a runed translucent door.
  3640 | D:4      | Noticed Crazy Yiuf
  3646 | D:4      | Killed Crazy Yiuf
  3989 | D:5      | Entered Level 5 of the Dungeon
  4072 | D:5      | Gained mutation: Your demonic aura sometimes causes spilled
                  | blood to erupt in flames. [demonic ancestry]
  4072 | D:5      | Reached XP level 7. HP: 57/57 MP: 7/7
  4180 | D:5      | Reached skill level 6 in Fighting
  4503 | D:5      | Found a sand-covered staircase.
  4511 | Ossuary  | Entered an ossuary
  4606 | Ossuary  | Reached skill level 5 in Dodging
  4805 | Ossuary  | Reached XP level 8. HP: 61/65 MP: 8/8
  5373 | D:5      | Found a staircase to the Ecumenical Temple.
  5381 | Temple   | Entered the Ecumenical Temple
  5401 | Temple   | Became a worshipper of Gozag Ym Sagoz the Greedy
  5622 | D:6      | Found Viat's Magic Scroll Shoppe.
  5630 | D:6      | Bought a scroll of blinking for 97 gold pieces
  5630 | D:6      | Bought a scroll of blinking for 97 gold pieces
  5840 | D:6      | Noticed Blork the orc
  5842 | D:6      | Reached skill level 7 in Fighting
  5851 | D:6      | Killed Blork the orc
  6118 | D:6      | Reached skill level 5 in Armour
  6479 | D:7      | Reached XP level 9. HP: 74/74 MP: 9/9
  6692 | D:7      | Reached skill level 8 in Fighting
  7303 | D:6      | Bought a scroll of enchant weapon for 97 gold pieces
  7303 | D:6      | Bought a scroll of identify for 26 gold pieces
  7303 | D:6      | Bought a scroll of identify for 26 gold pieces
  7303 | D:6      | Bought a scroll of summoning for 123 gold pieces
  7303 | D:6      | Bought a scroll of torment for 123 gold pieces
  7619 | D:8      | Found a shimmering blue altar of Sif Muna.
  7873 | D:8      | Reached skill level 9 in Fighting
  7978 | D:8      | Noticed Psyche
  7985 | D:8      | Killed Psyche
  8112 | D:8      | Noticed a centaur warrior
  8113 | D:8      | Noticed a centaur warrior
  8114 | D:8      | Gained mutation: You have a pair of horns on your head.
                  | [demonic ancestry]
  8114 | D:8      | Reached XP level 10. HP: 83/83 MP: 10/10
  8126 | D:8      | Killed a centaur warrior
  8135 | D:8      | Killed a centaur warrior
  8206 | D:8      | Noticed a gargoyle
  8222 | D:8      | Killed a gargoyle
  8223 | D:8      | Reached skill level 10 in Fighting
  8301 | D:8      | Noticed a centaur warrior
  8315 | D:8      | Killed a centaur warrior
  8316 | D:8      | Noticed a fire crab
  8320 | D:8      | Noticed a boulder beetle
  8324 | D:8      | a fire crab changed into a queen bee
  8329 | D:8      | a queen bee changed into a salamander
  8329 | D:8      | Noticed a salamander (shapeshifter)
  8339 | D:8      | Killed a salamander
  8528 | D:8      | Killed a boulder beetle
  8529 | D:8      | Reached XP level 11. HP: 60/92 MP: 11/11
  9060 | D:6      | Bought a scroll of teleportation for 39 gold pieces
  9060 | D:6      | Bought 3 scrolls of enchant armour for 292 gold pieces
  9060 | D:6      | Bought a scroll of enchant armour for 97 gold pieces
  9060 | D:6      | Bought a scroll of enchant armour for 97 gold pieces
  9060 | D:6      | Bought a scroll of immolation for 52 gold pieces
  9191 | D:2      | Bought a +0 buckler for 45 gold pieces
  9663 | D:9      | Found a stormy altar of Qazlal.
  9766 | D:9      | Reached skill level 1 in Shields
  9965 | D:9      | Reached skill level 11 in Fighting
 10267 | D:9      | Found a burning altar of Makhleb.
 10288 | D:10     | Entered Level 10 of the Dungeon
 10333 | D:10     | Identified the +0 dagger of Instant Death {distort, Dex-4
                  | SInv Stlth+}
 10369 | D:10     | Found a flagged portal.
 10397 | Bailey   | Entered a bailey
 10455 | Bailey   | Noticed an orc knight
 10463 | Bailey   | Killed an orc knight
 10491 | Bailey   | Noticed an orc high priest
 10499 | Bailey   | Killed an orc high priest
 10500 | Bailey   | Reached skill level 10 in Dodging
 10684 | Bailey   | Identified a scroll of acquirement
 10757 | Bailey   | Found an iron altar of Okawaru.
 10757 | Bailey   | Noticed an orc sorcerer
 10757 | Bailey   | Paralysed by an orc sorcerer for 2 turns
 10760 | Bailey   | Noticed a sun demon
 11044 | D:10     | Found a snail-covered altar of Cheibriados.
 11058 | D:10     | Acquired a manual of Armour
 11098 | D:10     | Noticed a sixfirhy
 11098 | D:10     | Found a broken altar of Ashenzari.
 11098 | D:10     | Found a bloodstained altar of Trog.
 11104 | D:10     | Reached skill level 10 in Armour
 11132 | D:10     | Found a shimmering altar of Xom.
 11132 | D:10     | Found a hide-covered altar of Uskayaw.
 11132 | D:10     | Found a blossoming altar of Fedhas.
 11154 | D:10     | Noticed a vault guard
 11168 | D:10     | Killed a vault guard
 11180 | D:10     | Found a portal to a secret trove of treasure.
 11415 | D:10     | Noticed a deep elf pyromancer
 11415 | D:10     | Noticed a deep elf zephyrmancer
 11415 | D:10     | Noticed an ogre mage
 11423 | D:10     | Killed an ogre mage
 11423 | D:10     | Killed a deep elf zephyrmancer
 11424 | D:10     | Reached XP level 12. HP: 74/100 MP: 12/12
 11431 | D:10     | Identified the +8 dagger of Wrongful Imprisonment {venom,
                  | Drain rElec MP-9 Int+8}
 11807 | D:2      | Bought the +0 mask of the Dragon {Will+ Slay+3 SInv} for
                  | 334 gold pieces
 11807 | D:2      | Found the +0 mask of the Dragon {Will+ Slay+3 SInv}
 11814 | D:2      | Bought a +3 leather armour of poison resistance for 210
                  | gold pieces
 12315 | D:11     | Noticed a two-headed ogre
 12330 | D:11     | Killed a two-headed ogre
 12359 | D:11     | Found a staircase to the Lair.
 12560 | D:11     | Found a staircase to the Orcish Mines.
 12603 | D:11     | Identified the +1 chain mail of Benevolence {Str+3}
 12924 | D:12     | Found a hide-covered altar of Uskayaw.
 13217 | D:12     | Noticed a centaur warrior
 13239 | D:12     | Killed a centaur warrior
 13240 | D:12     | Reached skill level 15 in Armour
 13240 | D:12     | Noticed an ettin
 13242 | D:12     | Noticed a yaktaur captain
 13245 | D:12     | Killed an ettin
 13679 | D:12     | Noticed a boulder beetle
 13690 | D:12     | Killed a boulder beetle
 13709 | D:12     | Killed a yaktaur captain
 13735 | D:12     | Noticed an ogre mage
 13749 | D:12     | Gained mutation: You have a pair of large horns on your
                  | head. [demonic ancestry]
 13749 | D:12     | Reached XP level 13. HP: 34/107 MP: 13/13
 13829 | D:12     | Identified the ring of Miracles {Fly rElec rCorr EV+5}
 13856 | D:12     | Reached skill level 12 in Fighting
 13991 | D:12     | Identified the ring of Hobanepp {Ice Will+}
 14508 | D:13     | Bought a masterwork trident for 246 gold pieces
 14508 | D:13     | Identified the +4 trident of Classification {heavy, rElec
                  | Str+4 Int+4} (You bought it in a shop on level 13 of the
                  | Dungeon)
 14598 | D:13     | Noticed Urug
 14615 | D:13     | Killed Urug
 14616 | D:13     | Reached skill level 5 in Shields
 15952 | D:14     | Found a gate to the Vaults.
 16257 | D:13     | Reached skill level 13 in Fighting
 16793 | D:14     | Noticed Louise
 16809 | D:14     | Reached XP level 14. HP: 118/118 MP: 14/14
 16839 | D:14     | Killed Louise
 16840 | D:14     | Noticed Snorg
 16890 | D:14     | Killed Snorg
 17714 | D:14     | Reached skill level 14 in Fighting
 17820 | D:14     | You are sucked into a shaft and drop 1 floor!
 17820 | D:15     | Entered Level 15 of the Dungeon
 18170 | D:15     | Found a runed translucent door.
 18250 | D:15     | Found a staircase to the Depths.
 18409 | D:15     | Found Guutiy's Weapon Shop.
 19615 | Orc:1    | Entered Level 1 of the Orcish Mines
 20518 | Orc:1    | Noticed tatocazan's ghost (journeyman MiFi)
 20519 | Orc:1    | Found a runed translucent gate.
 20520 | Orc:1    | Found a runed translucent gate.
 20520 | Orc:1    | Found an opulent altar of Gozag.
 20521 | Orc:1    | Found a runed translucent gate.
 20523 | Orc:1    | Found Hitri's Assorted Antiques.
 20679 | Orc:2    | Entered Level 2 of the Orcish Mines
 20679 | Orc:2    | Found a staircase to the Elven Halls.
 20706 | Orc:2    | Paralysed by an orc sorcerer for 2 turns
 20993 | Orc:2    | Found Emojio Zeurr's Magic Scroll Shop.
 20998 | Orc:2    | Bought a scroll of identify for 20 gold pieces
 20998 | Orc:2    | Bought a scroll of blinking for 75 gold pieces
 20998 | Orc:2    | Bought a scroll of blinking for 75 gold pieces
 20998 | Orc:2    | Bought a scroll of immolation for 40 gold pieces
 20998 | Orc:2    | Bought a scroll of immolation for 40 gold pieces
 20998 | Orc:2    | Bought a scroll of immolation for 40 gold pieces
 21150 | Orc:2    | Found Tete's Assorted Antiques.
 21201 | Orc:2    | Bought a potion of curing for 102 gold pieces
 21201 | Orc:2    | Bought a ring of see invisible for 510 gold pieces
 21201 | Orc:2    | Bought 2 potions of might for 272 gold pieces
 21201 | Orc:2    | Bought a pair of embroidered boots for 255 gold pieces
 21201 | Orc:2    | Bought a scroll of teleportation for 102 gold pieces
 21201 | Orc:2    | Bought a scroll of teleportation for 102 gold pieces
 21326 | Orc:2    | Found Tyssocuh's Book Emporium.
 21397 | Orc:2    | Found the +10 tower shield of Ignorance {rN+ Int-4}
 21402 | Orc:2    | Noticed Rupert
 21419 | Orc:2    | Killed Rupert
 21439 | Orc:2    | Found a runed translucent door.
 21496 | Orc:2    | Found a runed translucent door.
 21807 | Orc:2    | Noticed an orc warlord
 21842 | Orc:2    | Killed an orc warlord
 21906 | Orc:2    | Found Batulowk's Antique Armour Boutique.
 21923 | Orc:2    | Found Feubaer's Antique Weapon Shop.
 21988 | Orc:2    | Bought a crystal spear for 272 gold pieces
 21988 | Orc:2    | Identified the +4 spear "Joobo" {flame, Will+ Str+3} (You
                  | bought it in a shop on level 2 of the Orcish Mines)
 22190 | Lair:1   | Entered Level 1 of the Lair of Beasts
 22351 | Lair:1   | Gained mutation: Your demonic aura often causes spilled
                  | blood to erupt in flames. [demonic ancestry]
 22351 | Lair:1   | Reached XP level 15. HP: 127/127 MP: 15/15
 22971 | Lair:2   | Reached skill level 15 in Fighting
 23035 | Lair:2   | Found a gate leading to a gauntlet.
 23083 | Gauntlet | Entered a Gauntlet
 23083 | Gauntlet | Found a transporter.
 23091 | Gauntlet | Found a transporter.
 23093 | Gauntlet | Found a transporter.
 23095 | Gauntlet | Found a transporter.
 23116 | Gauntlet | Found a transporter.
 23125 | Gauntlet | Found a transporter.
 23130 | Gauntlet | Found a transporter.
 23145 | Gauntlet | Found a transporter.
 23165 | Gauntlet | Found a transporter.
 23177 | Gauntlet | Found a transporter.
 23189 | Gauntlet | Found a transporter.
 23195 | Gauntlet | Found a transporter.
 23214 | Gauntlet | Found a transporter.
 23229 | Gauntlet | Found a transporter.
 23243 | Gauntlet | Found a transporter.
 23260 | Gauntlet | Found a transporter.
 23262 | Gauntlet | Found a transporter.
 23290 | Gauntlet | Found a transporter.
 23515 | Gauntlet | Got the Parchment of Infection
 23610 | Gauntlet | Reached skill level 10 in Shields
 23631 | Gauntlet | Identified the +2 pair of gloves of the Cicada {Fly Int+3
                  | SInv}
 23680 | Gauntlet | Got the Tome of Envenoming
 23723 | Lair:2   | Found a staircase to the Snake Pit.
 24585 | Lair:3   | Found a frozen archway.
 24650 | IceCv    | Entered an ice cave
 24865 | IceCv    | Noticed a frost giant
 24888 | IceCv    | Killed a frost giant
 25908 | Lair:4   | Noticed oldnick's ghost (journeyman OpHW)
 25921 | Lair:4   | Found a runed translucent door.
 25985 | Lair:4   | Killed oldnick's ghost
 26170 | Lair:4   | Reached skill level 16 in Fighting
 26208 | Lair:4   | Noticed Josephine
 26213 | Lair:4   | Killed Josephine
 26311 | Lair:4   | Found a staircase to the Slime Pits.
 26914 | Lair:5   | Entered Level 5 of the Lair of Beasts
 26962 | Lair:5   | Gained mutation: You regenerate a lot of health from kills.
                  | [demonic ancestry]
 26962 | Lair:5   | Reached XP level 16. HP: 127/138 MP: 16/16
 27316 | Lair:5   | Reached skill level 15 in Dodging
 27588 | Lair:5   | HP: 3/139 [death yak (10)]
 29063 | Orc:2    | Bought fading storm dragon scales for 2890 gold pieces
 29063 | Orc:2    | Identified the +12 storm dragon scales of Gravity {rElec
                  | Str+6} (You bought it in a shop on level 2 of the Orcish
                  | Mines)
 29489 | D:15     | Bought an amulet of reflection for 360 gold pieces
 29663 | Snake:1  | Entered Level 1 of the Snake Pit
 29718 | Snake:1  | Identified the +7 trident "Widowermaker" {heavy, rN+}
 29728 | Snake:1  | Reached skill level 17 in Fighting
 29788 | Snake:2  | Noticed Vashnia
 29814 | Snake:2  | Killed Vashnia
 29848 | Snake:2  | Identified the +1 scale mail "Efevoqob" {Dex+5}
 29858 | Snake:2  | Identified the ring "Merutais" {+Blink rElec MP+9 Str+2
                  | Stlth+}
 29884 | Snake:2  | Found a gateway to a bazaar.
 30035 | Snake:2  | Noticed Donald
 30061 | Snake:2  | Killed Donald
 30425 | Bazaar   | Entered a bazaar
 30425 | Bazaar   | Found Oceufas's Armour Shoppe.
 30425 | Bazaar   | Found Dirifud's Distillery.
 30425 | Bazaar   | Found Qunuum's Weapon Shop.
 30425 | Bazaar   | Found Xieborof's Jewellery Boutique.
 30451 | Bazaar   | Bought 2 potions of curing for 78 gold pieces
 30451 | Bazaar   | Bought a potion of curing for 39 gold pieces
 30451 | Bazaar   | Bought a potion of haste for 130 gold pieces
 30451 | Bazaar   | Bought a potion of might for 52 gold pieces
 30451 | Bazaar   | Bought a potion of might for 52 gold pieces
 30451 | Bazaar   | Bought 2 potions of berserk rage for 130 gold pieces
 30484 | Snake:3  | Noticed Mlioglotl
 30499 | Snake:2  | Killed Mlioglotl
 30623 | Snake:2  | Reached XP level 17. HP: 148/148 MP: 17/17
 32004 | Snake:3  | Identified the +10 rapier of Squeaky Subterfuge {heavy,
                  | rCorr}
 32461 | Snake:4  | Entered Level 4 of the Snake Pit
 33152 | Snake:4  | Noticed destino's ghost (adept TrMo)
 33183 | Snake:4  | Reached skill level 18 in Fighting
 33333 | Snake:4  | Found a transporter.
 33346 | Snake:4  | Found a transporter.
 33710 | Snake:4  | Got a serpentine rune of Zot
 34117 | Snake:4  | Acquired 936 gold pieces
 34527 | Shoals:1 | Entered Level 1 of the Shoals
 34724 | Shoals:2 | Gained mutation: You are mostly covered in razor-sharp
                  | scales. (AC +2, Slay +2) [demonic ancestry]
 34724 | Shoals:2 | Reached XP level 18. HP: 155/158 MP: 18/18
 35153 | Shoals:4 | Entered Level 4 of the Shoals
 35379 | Shoals:4 | Identified the +0 plate armour of Yesterday {Int-3 Dex+5}
 35436 | Shoals:4 | Reached skill level 19 in Fighting
 35510 | Shoals:3 | Reached skill level 15 in Shields
 36095 | Shoals:4 | Got a barnacled rune of Zot
 36235 | Shoals:4 | Identified the staff of earth "Qyoczuj" {rElec rC+ Str-2
                  | Int+2}
 36568 | D:15     | Bought a scroll of acquirement for 1040 gold pieces
 36579 | D:15     | Acquired a manual of Armour
 36650 | Vaults:1 | Entered Level 1 of the Vaults
 36709 | Vaults:1 | Found Nedir's Antique Weapon Shoppe.
 37004 | Vaults:1 | Gained mutation: You are completely covered in razor-sharp
                  | scales. (AC +3, Slay +3) [demonic ancestry]
 37004 | Vaults:1 | Reached XP level 19. HP: 167/167 MP: 19/19
 38826 | Vaults:3 | Noticed Bai Suzhen
 38841 | Vaults:3 | Killed Bai Suzhen
 38896 | Vaults:3 | Reached skill level 20 in Fighting
 39028 | Vaults:3 | Found a staircase to the Crypt.
 39028 | Vaults:3 | Found a basalt altar of Yredelemnul.
 39028 | Vaults:3 | Found an ancient bone altar of Kikubaaqudgha.
 39322 | Vaults:3 | Killed from afar by a lich

Illustrated notes

Levels and vault maps discovered:
D:1:      arrival_aquarium_b, layout_basic, minmay_misc_feat_columns
D:2:      layout_basic, serial_shops, shop, st_stairs_14,
          minmay_misc_feat_pillars, bh_walls_and_bars, uniq_robin
D:3:      kennysheep_goblin_castle, layout_rooms
D:4:      layout_gridville, mainiacjoe_overflow_cross_hatched,
          amcnicky_altar_gilded, serial_shops, shop, minmay_checkerbox,
          uniq_crazy_yiuf_cottage
D:5:      nicolae_BIG_FREAKIN_CUBE, layout_loops_ring, temple_green,
          nicolae_ossuary_entry_plus
D:6:      layout_loops_ring, serial_shops, shop, hangedman_decor_diamond_cutter,
          uniq_blork_the_orc
D:7:      layout_basic, supply_closet_lemuel
D:8:      hangedman_cross_veins, layout_loops_ring,
          nicolae_sif_muna_little_library, nicolae_grassy_gnolls, uniq_psyche
D:9:      layout_rooms, lemuel_tele_altar, nicolae_qazlal_scattered_showers,
          nicolae_benzene_ring
D:10:     layout_rooms, doesnt_xom_only_xom, enter_trove_5, enter_bailey_4,
          minivault_25_ag
D:11:     layout_grid_maze, grunt_lair_entry_orc_guard_hut, david_orc_1_choice,
          minmay_large_rounded_square, hangedman_corner_corridor
D:12:     minmay_complete_graph, layout_rooms, nicolae_uskayaw_suspiria
D:13:     layout_roguey, hangedman_aviary, uniq_urug
D:14:     layout_roguey, erik_vaults_2, hangedman_glass_teeth,
          einodemon_armed_red_devil_minivault, uniq_louise, uniq_snorg
D:15:     grunt_enter_depths_hoard, layout_stronghold, dreamdust_wishing_well,
          serial_shops, shop, minmay_hidden_floor
Temple:   eino_temple_scatter_basement
Lair:1:   layout_misc_corridors, beast_lair_carwin_2
Lair:2:   layout_gridlike, nicolae_shoals_entry_flooding,
          minmay_snake_entry_guardpost_small, gauntlet_entry_generic
Lair:3:   layout_chaotic_city, portal_ice_cave_rime
Lair:4:   layout_gridlike, minmay_slime_entry_pillars,
          hellmonk_ghost_happy_afterlife, infiniplex_staircase_pool,
          serial_bayou_shore_a, lemuel_fruit_tree, uniq_josephine
Lair:5:   hangedman_lair_caniforms_friends, layout_gridlike,
          hangedman_lair_in_review, chequers_serial_rivers_room_a
Shoals:1: layout_shoals, serial_shops, shop, nicolae_shoals_aquamancer_cove
Shoals:2: layout_shoals
Shoals:3: layout_shoals, nicolae_shoals_lost_giant_pillars, uniq_ilsuiw,
          uniq_polyphemus
Shoals:4: shoals_end_hellmonk_lost_city
Snake:1:  layout_cave_shapes, grunt_megastairs_3
Snake:2:  layout_rooms, serial_shops, statue_bzr,
          nicolae_snake_round_shape_thing, grunt_ministairs_2, uniq_donald,
          uniq_vashnia
Snake:3:  layout_basic, grunt_megastairs_2, uniq_mlioglotl
Snake:4:  snake_pit, layout_misc_corridors, gammafunk_ghost_arena
Orc:1:    layout_diamond_mine, ebering_ghost_gozag,
          nicolae_volcano_entry_batcave
Orc:2:    grunt_orc_community_town_hall, layout_diamond_mine,
          grunt_orc_community_big_house_2, grunt_orc_community_big_house_1,
          grunt_orc_community_house_2, grunt_orc_community_house_2,
          grunt_orc_community_house_2, grunt_orc_community_house_1,
          grunt_orc_community_house_1, grunt_orc_community_house_3,
          serial_shops, nicolae_shop_tiny_glass,
          chequers_guarded_unrand_ignorance, uniq_rupert
Vaults:1: nicolae_vaults_house_1, vaults_standard_mumra_x, v_misc_5, v_rooms_2,
          v_pattern_5, nicolae_vaults_diamond_1, layout_vaults_big_room,
          serial_shops, shop_statue
Vaults:2: nicolae_vaults_closet_pinwheel_6, nicolae_vaults_yaktaur_gun_rack,
          nicolae_vaults_oval_intersection, nicolae_vaults_closet_pinwheel_5,
          v_alt_pattern_2, nicolae_vaults_storage_closets_3,
          nicolae_vaults_theta, nicolae_vaults_cochlea, vaults_dpeg_diagonal,
          vaults_room_corners, grunt_vaults_hallway_long, v_misc_16,
          layout_vaults_omnibox
Vaults:3: grunt_vaults_diagonal, v_misc_32, vaults_room_large_hall,
          nicolae_vaults_library_corner, minmay_crypt_entry_necro_gods,
          hangedman_vaults_stream, nicolae_vaults_prndl, ontoclasm_vaults_twist,
          nicolae_vaults_tetromino_Z_1, nicolae_vaults_storage_room_doors,
          nicolae_vaults_trapezoid_lopsided_4, hangedman_vaults_maws,
          vaults_room_stairs_pillars, layout_vaults_ring, uniq_bai_suzhen,
          uniq_mara

Skill      XL: |  1  2  3  4  5  6  7  8  9 10 11 12 13 14 15 16 17 18 19 |
---------------+----------------------------------------------------------+-----
Dodging        | 1 2 3 4 5 6 7 9 10 12 13 14 15 17 18 | 18.5
Fighting       | 4 5 6 7 9 10 11 13 14 16 17 18 19 20 | 20.2
Armour         | 2 3 5 7 8 12 15 16 19 | 19.0
Shields        | 3 4 7 9 11 13 14 15 16 | 16.2
Short Blades   | |  3.6
Throwing       | |  1.0
Stealth        | |  1.0

Action                     |  1- 3 |  4- 6 |  7- 9 | 10-12 | 13-15 | 16-18 | 19-21 || total
---------------------------+-------+-------+-------+-------+-------+-------+-------++-------
  Melee: Rapier            |   114 |   157 |   466 |   612 |  1245 |  1317 |   353 ||  4264
         Punch             |     1 |     1 |     9 |     3 |       |       |       ||    14
         Headbutt          |       |    36 |   113 |   187 |   400 |   453 |   110 ||  1299
         Scimitar          |       |       |       |       |    58 |       |       ||    58
  Throw: Boomerang         |       |       |     3 |     3 |     2 |       |       ||     8
         Dart              |       |       |       |       |    59 |    13 |       ||    72
 Invoke: Call Merchant     |       |       |       |       |     2 |     4 |       ||     6
  Evoke: Wand              |       |       |       |    25 |    30 |     3 |       ||    58
         Condenser vane    |       |       |       |     1 |     2 |     1 |       ||     4
         Phantom mirror    |       |       |       |       |     3 |       |       ||     3
         Box of beasts     |       |       |       |       |     3 |     1 |       ||     4
         Phial of floods   |       |       |       |       |     2 |       |       ||     2
         Lightning rod     |       |       |       |       |     2 |    12 |     1 ||    15
    Use: Scroll            |     8 |    10 |    12 |     7 |    12 |    19 |     1 ||    69
         Potion            |     1 |     2 |     2 |     3 |    14 |     4 |     2 ||    28
   Stab: Sleeping          |     4 |     1 |       |     1 |     7 |     2 |       ||    15
         Paralysed         |       |       |       |     2 |       |       |       ||     2
         Distracted        |       |       |       |     4 |     8 |     6 |     2 ||    20
         Petrified         |       |       |       |       |       |    19 |       ||    19
         Invisible         |       |       |       |       |       |     4 |       ||     4
 Armour: Robe              |    42 |     3 |       |       |       |       |       ||    45
         Ring mail         |       |    35 |   138 |   157 |    27 |       |       ||   357
         Leather armour    |       |       |       |    73 |   425 |   171 |       ||   669
         Storm dragon scal |       |       |       |       |       |   296 |   232 ||   528
  Dodge: Dodged            |    86 |   138 |   300 |   455 |  1166 |   752 |   386 ||  3283
  Block: Buckler           |       |       |       |    97 |   304 |       |       ||   401
         Tower shield      |       |       |       |       |   780 |  2760 |   874 ||  4414
         Reflection        |       |       |       |       |       |   280 |    34 ||   314
